 Dungeon Crawl Stone Soup version 0.30-a0-743-gbfdf073431 (webtiles) character file.

Game seed: 12893451531181697637

34346 DEFE the Grappler (level 13, 0/92 HPs)
             Began as a Demonspawn Wanderer on Feb 7, 2023.
             Was a Priest of Ru.
             Slain by a tentacled starspawn (22 damage)
             ... on level 2 of the Abyss.
             The game lasted 00:19:33 (16602 turns).

DEFE the Grappler (Demonspawn Wanderer)            Turns: 16602, Time: 00:19:34

Health: 0/92       AC: 33    Str: 18 (19) XL:     13   Next: 41%
Magic:  10/10      EV:  9    Int: 15 (17) God:    Ru [***...]
Gold:   1081       SH:  5    Dex: 19 (21) Spells: 14/14 levels left

rFire   . . .      SeeInvis .      - Unarmed
rCold   + . .      Faith    .    (no shield)
rNeg    . . .      Spirit   .    S - +7 chain mail of Tahauc {Regen+ Str+4}
rPois   .          Reflect  +    g - +0 helmet
rElec   .          Harm     .    t - +2 cloak "Uvvurru" {rC+ Int+2 Dex+5}
rCorr   .          Rampage  .    (gloves unavailable)
Will    .....      Rage     3%   d - +0 pair of boots Stlth
                                 O - amulet of reflection
HPRegen 1.15/turn                r - +6 ring of dexterity
MPRegen 0.12/turn                (no ring)

@: sanguine armoured, on berserk cooldown, slowed, unable to drink, very slow
A: claws 3, inability to drink after injury 2, hated by all, sanguine armour 1,
berserk 1, [clumsy 1], [dopey 1], [low MP 3], [screaming 1]
a: Renounce Religion, Draw Out Power


You were on level 2 of the Abyss.
You worshipped Ru.
Ru was most pleased with you.
You visited 3 branches of the dungeon, and saw 16 of its levels.
You visited the Abyss 1 time.

You collected 1081 gold pieces.

Inventory:

Missiles
 l - 2 throwing nets
 m - 5 curare-tipped darts (quivered)
Armour
 c - a +0 robe
 d - a +0 pair of boots (worn)
 g - a +0 helmet (worn)
 j - the +5 scale mail of Laopsouh {*Slow rC+ rN+ Will+ Slay+3}
   (You found it on level 2 of the Dungeon)

   Slay:      It affects your accuracy & damage with ranged weapons and melee
   (+3).
   rC:        It protects you from cold.
   rN:        It protects you from negative energy.
   *Slow:     It may slow you when you take damage.
   Will:      It increases your willpower.
 n - a scarf of shadows
 t - the +2 cloak "Uvvurru" (worn) {rC+ Int+2 Dex+5}
   (You found it on level 8 of the Dungeon)

   Int:       It affects your intelligence (+2).
   Dex:       It affects your dexterity (+5).
   rC:        It protects you from cold.
 y - a +0 cloak
 I - +0 acid dragon scales
 S - the +7 chain mail of Tahauc (worn) {Regen+ Str+4}
   (You found it on level 4 of the Lair of Beasts)

   Str:       It affects your strength (+4).
   Regen:     It increases your rate of health regeneration.
Jewellery
 r - a +6 ring of dexterity (left claw)
 G - an amulet of guardian spirit
 J - a +6 ring of intelligence
 O - an amulet of reflection (around neck)
Wands
 q - a wand of flame (39)
 L - a wand of mindburst (19)
 Q - a wand of roots (4)
Scrolls
 a - 2 scrolls of fog
 b - 2 scrolls of butterflies
 f - 3 scrolls of immolation
 h - 4 scrolls of vulnerability
 i - 4 scrolls of teleportation
 k - 2 scrolls of blinking
 o - 2 scrolls of identify
 s - 2 scrolls of silence
 v - a scroll of enchant armour
 z - a scroll of magic mapping
 A - a scroll of acquirement
 B - 2 scrolls of torment
 C - a scroll of noise {unknown}
 E - a scroll of enchant weapon {unknown}
 M - 2 scrolls of amnesia {unknown}
Potions
 e - 3 potions of mutation {unknown}
 p - 2 potions of attraction
 u - 2 potions of might {unknown}
 w - a potion of lignification
 x - 2 potions of flight {unknown}
 D - a potion of heal wounds
 F - 3 potions of cancellation
 N - a potion of curing
 P - a potion of haste {unknown}
 R - a potion of brilliance {unknown}
Miscellaneous
 H - a phial of floods
 K - a tin of tremorstones (2/2)


   Skills:
 + Level 5.4 Fighting
 - Level 0.1 Maces & Flails
 - Level 1.0 Throwing
 + Level 14.2 Armour
 - Level 2.6 Dodging
 + Level 14.8 Unarmed Combat
 - Level 1.0 Spellcasting
 - Level 3.0 Hexes
 - Level 1.0 Fire Magic
 - Level 2.5 Evocations


You had 14 spell levels left.
You didn't know any spells.
Your spell library contained the following spells:

 Spells                   Type           Power      Damage    Failure   Level
 Slow                     Hex            36%        N/A       43%         1
 Foxfire                  Conj/Fire      8%         2x1d4     78%         1
 Confusing Touch          Hex            9%         N/A       80%         3
 Beastly Appendage        Tmut           0%         N/A       85%         1
 Freeze                   Ice            0%         1d3       85%         1
 Shock                    Conj/Air       0%         1d3       85%         1
 Inner Flame              Hex/Fire       6%         N/A       91%         3
 Cigotuvi's Dreadful Rot  Necr/Pois/Air  0%         N/A       94%         2
 Lesser Beckoning         Tloc           0%         N/A       94%         2
 Poisonous Vapours        Pois/Air       0%         N/A       94%         2
 Sublimation of Blood     Necr           0%         N/A       94%         2
 Wereblood                Tmut           0%         N/A       94%         2
 Portal Projectile        Hex/Tloc       10%        N/A       95%         3
 Frozen Ramparts          Ice            0%         1d1       99%         3
 Gell's Gravitas          Tloc           0%         N/A       99%         3
 Hailstorm                Conj/Ice       0%         3d3       99%         3
 Ignite Poison            Fire/Tmut/Pois 1%         N/A       99%         3
 Mephitic Cloud           Conj/Pois/Air  0%         N/A       99%         3
 Swiftness                Air            0%         N/A       99%         3
 Teleport Other           Tloc           0%         N/A       99%         3
 Vampiric Draining        Necr           0%         2d6       99%         3
 Airstrike                Air            0%         2d(0-16)  100%        4
 Dispel Undead            Necr           0%         3d6       100%        4
 Ice Form                 Ice/Tmut       0%         N/A       100%        4
 Leda's Liquefaction      Hex/Erth       2%         N/A       100%        4
 Passage of Golubria      Tloc           0%         N/A       100%        4
 Petrify                  Tmut/Erth      0%         N/A       100%        4
 Irradiate                Conj/Tmut      0%         3d11      100%        5
 Silence                  Hex/Air        2%         N/A       100%        5
 Dispersal                Tloc           0%         N/A       100%        6
 Lehudib's Crystal Spear  Conj/Erth      0%         10d2      100%        8
 Call Canine Familiar     Summ           Unusable   N/A       N/A         3
 Summon Ice Beast         Ice/Summ       Unusable   N/A       N/A         4
 Death Channel            Necr           Unusable   N/A       N/A         6

Dungeon Overview and Level Annotations

Branches:
Dungeon (11/15)            Temple (1/1) D:4            Lair (4/5) D:10
 Shoals (0/4) Lair:3       Spider (0/4) Lair:3          Orc (0/2) D:11
  Slime: Lair:4-5

Altars:
Cheibriados
Dithmenos
Gozag
Okawaru
Qazlal
Ru
Sif Muna
Trog
Uskayaw
Wu Jian
Xom

Shops:
D:1 [   D:4 =

Annotations:
Lair:1 exclusion: oklob plant
Lair:4 Sonja


Innate Abilities, Weirdness & Mutations

You have claws for hands.
You sometimes lose the ability to drink potions when taking damage.
You are hated by all.
When seriously injured, your blood forms armour. (AC +6)
You sometimes lose your temper in combat.
[You are clumsy. (Dex -2)]
[You are dopey. (Int -2)]
[Your magical capacity is extremely low. (-30% MP)]
[You occasionally shout uncontrollably at your foes.]


Message History

You scratch the small abomination.
The small abomination hits you but does no damage.
You barely miss the small abomination. The small abomination misses you.
You mangle the small abomination!!
You destroy the small abomination!
You regained 2 hp, and now have 53/92 hp.
You barely miss the tentacled starspawn.
You claw the tentacled starspawn!
The tentacled starspawn bites you but does no damage.
The tentacled starspawn tentacle-slaps you.
You claw the tentacled starspawn!
You block the tentacled starspawn's attack.
The tentacled starspawn tentacle-slaps you but does no damage.
Unknown command.
You barely miss the tentacled starspawn.
You claw the tentacled starspawn!
You block the tentacled starspawn's attack.
The tentacled starspawn tentacle-slaps you.
You feel threatened and lose the ability to drink potions!
You take 5 damage, and have 50/92 hp.
You completely miss the tentacled starspawn.
You can drink potions again.
You block the tentacled starspawn's attack.
The tentacled starspawn splashes around in the water.
Tentacles burst from the starspawn's body! 2 starspawn tentacles come into view.
Unknown command.
You scratch the tentacled starspawn. The tentacled starspawn bites you!!
You feel threatened and lose the ability to drink potions!
The tentacled starspawn tentacle-slaps you!
* * * LOW HITPOINT WARNING * * *
Unknown command.
You take 30 damage, and have 21/92 hp.
MASSIVE DAMAGE!!
You are too injured to fight recklessly!
Unknown command.
You are too injured to fight recklessly!
You barely miss the tentacled starspawn.
You claw the tentacled starspawn! The tentacled starspawn bites you!!
You die...

. ## . # .
.## .#
###.. #.. #
####.# #..
# #
...##.#..##
..#....#..
##.#...# #
#.@X.##.
#....##ww#.
.# ....#
....# .#
..# .##>~#
. . ..#
..≈### .#..
#~## # ###
~# #. #


You could see a tentacled starspawn and 2 starspawn tentacles.

Vanquished Creatures
  A deep elf sorcerer (Abyss:2)
  A green death (Abyss:2)
  2 rakshasas (Abyss:2)
  Harold (D:9)
  A fenstrider witch skeleton (Abyss:2)
  Lodul (D:11)
  An anaconda skeleton (Abyss:2)
  An ugly thing (D:11)
  A worldbinder (Abyss:2)
  A manticore (D:11)
  8 elephants
  3 merfolk sirens (Lair:3)
  Maurice (D:7)
  2 black mambas (Lair:2)
  Joseph (Lair:1)
  2 smoke demons (Abyss:2)
  7 cane toads
  A gargoyle (D:7)
  A centaur skeleton (Abyss:2)
  A kobold demonologist (D:10)
  4 komodo dragons
  A rime drake (Lair:2)
  An ancient zyme (Abyss:2)
  2 trolls
  4 hellwings (Abyss:2)
  A merfolk (Lair:3)
  3 blink frogs (Lair:2)
  A raiju (Abyss:2)
  Sigmund (D:6)
  A jumping spider (Lair:3)
  A ynoxinul (Abyss:2)
  33 yaks
  2 basilisks
  4 wraiths
  A vampire (D:9)
  2 wyverns
  A neqoxec (Abyss:2)
  3 vampire mosquitoes (D:11)
  A redback (Lair:3)
  3 wargs (D:10)
  4 large abominations (Abyss:2)
  3 acid dragons
  10 water moccasins
  2 orc warriors
  A sky beast (D:7)
  6 ice beasts
  10 ogres
  2 centaurs (D:8)
  10 wolves
  2 phantoms
  3 kobold brigands
  16 bullfrogs
  2 gnoll sergeants
  3 small abominations (Abyss:2)
  17 killer bees
  3 howler monkeys (D:10)
  2 hounds (D:5)
  2 jellies
  3 orc priests
  2 gnoll boudas (D:4)
  An iron imp (Abyss:2)
  3 iguanas
  13 orc wizards
  Robin (D:2)
  16 gnolls
  15 adders
  A shadow imp (D:7)
  4 white imps
  4 ufetubi
  2 worms (D:4)
  3 dart slugs
  44 orcs
  10 ball pythons
  6 endoplasms
  3 giant cockroaches
  13 goblins
  9 hobgoblins
  12 jackals
  15 kobolds
  3 quokkas
  2 frilled lizards (D:2)
  6 rats
  A spectral orc (D:4)
  A lurking horror (Abyss:2)
399 creatures vanquished.

Vanquished Creatures (others)
  A komodo dragon (Lair:2)
  A gnoll (D:9)
  15 fungi
  15 plants
  4 starspawn tentacles (Abyss:2)
36 creatures vanquished.

Grand Total: 435 creatures vanquished

Notes
Turn   | Place    | Note
-------+----------+-------------------------------------------
     0 | D:1      | DEFE the Demonspawn Wanderer began the quest for the Orb.
     0 | D:1      | DEFE set off with the following items: a +0 club, a scroll
                  | of blinking, a +0 robe, a +0 pair of boots; and the
                  | following spells available to memorise: Slow, Foxfire,
                  | Inner Flame, Ignite Poison, Leda's Liquefaction.
     0 | D:1      | Reached XP level 1. HP: 13/13 MP: 2/2
   105 | D:1      | Reached skill level 1 in Fighting
   182 | D:1      | Gained mutation: When seriously injured, your blood forms
                  | armour. (AC +6) [demonic ancestry]
   182 | D:1      | Reached XP level 2. HP: 17/22 MP: 3/3
   479 | D:1      | Found Mesasar's Antique Armour Boutique.
   683 | D:1      | Reached XP level 3. HP: 14/28 MP: 4/4
  1742 | D:2      | Identified the +5 scale mail of Laopsouh {*Slow rC+ rN+
                  | Will+ Slay+3}
  1885 | D:2      | Noticed Robin
  1945 | D:2      | Killed Robin
  1946 | D:2      | Gained mutation: You have sharp fingernails. [demonic
                  | ancestry]
  1946 | D:2      | Reached XP level 4. HP: 36/37 MP: 5/5
  2498 | D:3      | Gained mutation: You have very sharp fingernails. [demonic
                  | ancestry]
  2498 | D:3      | Reached XP level 5. HP: 40/43 MP: 6/6
  2722 | D:3      | Found a blossoming altar of Fedhas.
  2983 | D:4      | Found Gifuph's Jewellery Emporium.
  3054 | D:4      | Noticed an ogre
  3076 | D:4      | Reached skill level 1 in Evocations
  3084 | D:4      | Reached skill level 1 in Unarmed Combat
  3093 | D:4      | HP: 3/64 [ogre/+0 giant club (5)]
  3095 | D:4      | Killed an ogre
  3096 | D:4      | Reached XP level 6. HP: 4/49 MP: 7/7
  3350 | D:4      | Found a basalt altar of Yredelemnul.
  3687 | D:4      | Found a staircase to the Ecumenical Temple.
  3697 | Temple   | Entered the Ecumenical Temple
  3721 | Temple   | Became a worshipper of Ru the Awakened
  3823 | D:4      | Found a bloodstained altar of Trog.
  3823 | D:4      | Found a stormy altar of Qazlal.
  4155 | D:4      | Reached XP level 7. HP: 55/55 MP: 8/8
  4492 | D:5      | Entered Level 5 of the Dungeon
  4575 | D:5      | Found a shimmering blue altar of Sif Muna.
  4704 | D:5      | Reached skill level 5 in Unarmed Combat
  4849 | D:5      | Identified a scroll of acquirement
  5094 | D:5      | Reached XP level 8. HP: 49/61 MP: 9/9
  6029 | D:6      | Noticed Sigmund
  6042 | D:6      | Killed Sigmund
  6043 | D:6      | Reached skill level 5 in Armour
  6288 | D:7      | Found a shimmering altar of Xom.
  6289 | D:7      | Found an iron altar of Okawaru.
  6355 | D:7      | Noticed a gargoyle
  6370 | D:7      | Killed a gargoyle
  6371 | D:7      | Reached XP level 9. HP: 66/66 MP: 10/10
  6732 | D:8      | Noticed Maurice
  6840 | D:7      | Killed Maurice
  7020 | D:8      | Identified the +0 chain mail of Foolhardiness {rN++ rCorr}
  7273 | D:8      | Reached XP level 10. HP: 54/73 MP: 11/11
  7332 | D:8      | Gained mutation: You are hated by all. [Ru sacrifice]
  7332 | D:8      | Reached * piety under Ru
  7346 | D:8      | Identified the +2 cloak "Uvvurru" {rC+ Int+2 Dex+5}
  7676 | D:9      | Noticed a +0 dagger
  7678 | D:9      | Found a hide-covered altar of Uskayaw.
  7678 | D:9      | Noticed a +0 hand axe
  8035 | D:9      | Noticed Harold
  8246 | D:9      | Identified the +1 robe of Heptofory {rC+}
  8354 | D:9      | Killed Harold
  8355 | D:9      | Reached skill level 10 in Unarmed Combat
  8581 | D:10     | Entered Level 10 of the Dungeon
  9130 | D:10     | Found a snail-covered altar of Cheibriados.
  9335 | D:10     | Found a staircase to the Lair.
  9558 | D:10     | Reached XP level 11. HP: 56/78 MP: 12/12
  9693 | D:10     | Gained mutation: You occasionally lose the ability to drink
                  | potions when taking damage. [Ru sacrifice]
  9693 | D:10     | Gained mutation: You sometimes lose the ability to drink
                  | potions when taking damage. [Ru sacrifice]
  9693 | D:10     | Reached ** piety under Ru
  9693 | D:10     | Reached *** piety under Ru
  9869 | D:10     | Reached skill level 10 in Armour
 10169 | D:11     | Found a staircase to the Orcish Mines.
 10261 | D:11     | Noticed Lodul
 10282 | D:11     | Killed Lodul
 10505 | D:11     | Noticed a red ugly thing
 10515 | D:11     | Killed a red ugly thing
 11509 | Lair:1   | Entered Level 1 of the Lair of Beasts
 11955 | Lair:1   | Noticed Joseph
 11964 | Lair:1   | Killed Joseph
 12112 | Lair:1   | Reached XP level 12. HP: 84/84 MP: 13/13
 12428 | Lair:1   | Got Alistair's Anthology of Transmuted Contaminants
 14988 | Lair:3   | Found a hole to the Spider Nest.
 15139 | Lair:3   | Found a staircase to the Shoals.
 15339 | Lair:4   | Identified the +5 falchion of Balance {vamp, rPois}
 15474 | Lair:4   | Gained mutation: You have claws for hands. [demonic
                  | ancestry]
 15474 | Lair:4   | Reached XP level 13. HP: 69/90 MP: 14/14
 15543 | Lair:4   | Identified the +7 chain mail of Tahauc {Regen+ Str+4}
 15649 | Lair:4   | Noticed Sonja
 15653 | Abyss:2  | Cast into level 2 of the Abyss (Sonja)
 15809 | Abyss:2  | Noticed a lich
 15822 | Abyss:2  | Found a corrupted altar of Lugonu.
 15822 | Abyss:2  | Found a corrupted altar of Lugonu.
 15870 | Abyss:2  | Found a corrupted altar of Lugonu.
 15901 | Abyss:2  | Noticed a deep elf sorcerer
 15915 | Abyss:2  | Killed a deep elf sorcerer
 15989 | Abyss:2  | Gained mutation: You sometimes lose your temper in combat.
                  | [a neqoxec]
 16030 | Abyss:2  | Noticed a tentacled starspawn
 16061 | Abyss:2  | Found a corrupted altar of Lugonu.
 16142 | Abyss:2  | Found a corrupted altar of Lugonu.
 16224 | Abyss:2  | Noticed a green death
 16227 | Abyss:2  | Found a corrupted altar of Lugonu.
 16289 | Abyss:2  | Killed a green death
 16335 | Abyss:2  | Noticed a tentacled starspawn
 16351 | Abyss:2  | Found a corrupted altar of Lugonu.
 16467 | Abyss:2  | Reached skill level 5 in Fighting
 16468 | Abyss:2  | Noticed a tentacled starspawn
 16602 | Abyss:2  | Slain by a tentacled starspawn

Illustrated notes

Levels and vault maps discovered:
D:1:      dpeg_arrival_boxes_within_box, layout_basic, serial_shops, shop,
          chequers_serial_rivers_room_a
D:2:      layout_rooms, serial_curves, eino_curves_01, eino_curves_02,
          minmay_surrounded, uniq_robin
D:3:      layout_basic, mainiacjoe_overflow_tiny_flanked, kennysheep_donut
D:4:      layout_basic, yredelemnul_forgotten_temple_becter,
          gammafunk_temple_overflow_elements, minmay_temple_entry_sparse_star,
          serial_shops, shop, serial_bayou_ford_a
D:5:      layout_gridville, lemuel_tele_altar, nrook_campfire
D:6:      layout_basic, kennysheep_flooded_box, kennysheep_generic_room_5,
          uniq_sigmund
D:7:      layout_basic, mainiacjoe_overflow_divided_tiny
D:8:      layout_basic, uniq_maurice
D:9:      layout_long_grid, dancing_weapons_uskayaw, uniq_harold
D:10:     layout_irregular_city, cheibriados_altar_1, erik_lair_orcish_takeover
D:11:     layout_basic, orc_0_dummy, uniq_lodul
Temple:   nicolae_temple_god_jail
Lair:1:   layout_chaotic_city, lemuel_fruit_tree, grunt_megastairs_5,
          uniq_joseph
Lair:2:   layout_regular_city, minivault_24
Lair:3:   layout_chaotic_city, elwin_shoals_entry_stream, spider_nest_entry_a,
          columned_hall_lemuel
Lair:4:   layout_loops_ring, special_room [special_room_bee], uniq_sonja
Abyss:2:  base: Temple, hangedman_relentless_pull, minivault_26,
          hangedman_steaming_rock

Skill      XL: |  1  2  3  4  5  6  7  8  9 10 11 12 13 |
---------------+----------------------------------------+-----
Fighting       | 1 2 3 4 5 |  5.4
Evocations     | 1 2 |  2.5
Unarmed Combat | 1 3 5 7 9 10 12 14 | 14.8
Armour         | 2 3 6 7 9 11 13 14 | 14.2
Maces & Flails | |  0.1
Throwing       | |  1.0
Dodging        | |  2.6
Spellcasting   | |  1.0
Hexes          | |  3.0
Fire Magic     | |  1.0

Action                     |  1- 3 |  4- 6 |  7- 9 | 10-12 | 13-15 || total
---------------------------+-------+-------+-------+-------+-------++-------
  Melee: Club              |   225 |    42 |       |       |       ||   267
         Punch             |     1 |     3 |    12 |    68 |    24 ||   108
         Flail             |       |   162 |       |       |       ||   162
         Unarmed           |       |    10 |   368 |   726 |   186 ||  1290
  Throw: Dart              |       |       |       |     8 |       ||     8
         Throwing net      |       |       |       |     1 |       ||     1
 Invoke: Reject Sacrifices |       |       |     1 |     1 |     1 ||     3
         Sacrifice Love    |       |       |       |     1 |       ||     1
         Draw Out Power    |       |       |       |     1 |     4 ||     5
         Sacrifice Drink   |       |       |       |     1 |       ||     1
  Evoke: Wand              |       |       |     4 |    21 |     1 ||    26
         Phial of floods   |       |       |       |     1 |       ||     1
    Use: Scroll            |     4 |       |    11 |     5 |     4 ||    24
         Potion            |     1 |     2 |     2 |     2 |       ||     7
   Stab: Invisible         |       |       |       |     4 |       ||     4
 Armour: Robe              |    97 |       |       |       |       ||    97
         Scale mail        |    57 |   164 |   243 |   393 |     1 ||   858
         Chain mail        |       |       |       |       |   103 ||   103
  Dodge: Dodged            |   233 |   127 |   198 |   375 |    52 ||   985
  Block: Other             |       |       |       |    13 |    40 ||    53

Table legend: (Time is in decaauts)
 A = Elapsed time spent in this place.
 B = Non-inter-level travel time spent in this place.
 C = Inter-level travel time spent in this place.
 D = Time resting spent in this place.
 E = Time spent auto-exploring this place.
 F = Levels seen in this place.
 G = Mean time per level.
                   A        B        C        D        E       F      G
               +--------+--------+--------+--------+--------+-----+--------+
         Total |  16583 |  16121 |    462 |   3228 |   9557 |  17 |  975.5 |
       Dungeon |  11575 |  11188 |    387 |   2333 |   6509 |  11 | 1052.3 |
        Temple |     33 |     25 |      8 |      0 |     11 |   1 |   33.0 |
          Lair |   4058 |   3992 |     66 |    581 |   2812 |   4 | 1014.5 |
         Abyss |    916 |    916 |      0 |    314 |    225 |   1 |  916.0 |
               +--------+--------+--------+--------+--------+-----+--------+

Top non-repeatable levels by time:
     D:4: 1579 daAuts
  Lair:2: 1389 daAuts
    D:10: 1373 daAuts
     D:1: 1372 daAuts
    D:11: 1342 daAuts
  Lair:1: 1170 daAuts
     D:2: 1159 daAuts
  Lair:3: 1131 daAuts
     D:9: 1002 daAuts
 Abyss:2: 916 daAuts
     D:8: 830 daAuts
     D:6: 814 daAuts
     D:5: 804 daAuts
     D:7: 772 daAuts
     D:3: 523 daAuts
